 Dungeon Crawl Stone Soup version 0.18.1-6-gd335043 (webtiles) character file.

537 Gargoyl the Covered (level 7, -7/54 HPs)
             Began as a Demonspawn Abyssal Knight on May 17, 2016.
             Was a Believer of Lugonu.
             Mangled by an ogre
             ... wielding a +0 giant spiked club
              (16 damage)
             ... on level 4 of the Dungeon.
             The game lasted 00:07:34 (3695 turns).

Gargoyl the Covered (Demonspawn Abyssal Knight)     Turns: 3695, Time: 00:07:34

Health: -7/54      AC: 16    Str: 13 (14) XL:     7   Next: 5%
Magic:  9/9        EV:  4    Int: 12 (14) God:    Lugonu [**....]
Gold:   27         SH:  7    Dex: 10 (12) Spells: 0 memorised, 6 levels left

rFire  . . .     SeeInvis .     a - +1 hand axe
rCold  + . .     Gourm    .     t - +0 chain mail
rNeg   . . .     Faith    .     g - +0 shield
rPois  .         Spirit   .     (helmet unavailable)
rElec  .         Dismiss  .     (no cloak)
rCorr  .         Reflect  .     q - +0 pair of gloves
SustAt .         Harm     .     h - +0 pair of boots
MR     .....                    (no amulet)
Stlth  ..........               s - ring of flight
                                i - ring of protection from cold

@: not resistant to hostile enchantments, extremely unstealthy
A: horns 3, iridescent scales 1
a: Depart the Abyss, Bend Space, Renounce Religion, Evoke Flight


You were on level 4 of the Dungeon.
You worshipped Lugonu.
Lugonu was pleased with you.
You were not hungry.

You visited 1 branch of the dungeon, and saw 4 of its levels.
You visited the Abyss 1 time.

You collected 181 gold pieces.
You spent 154 gold pieces at shops.

Inventory:

Hand Weapons
 a - a +1 hand axe (weapon)
 e - a +1 trident
Missiles
 p - 6 javelins (quivered)
Armour
 g - a +0 shield (worn)
 h - a +0 pair of boots (worn)
 q - a +0 pair of gloves (worn)
 t - a +0 chain mail (worn)
Jewellery
 i - a ring of protection from cold (left hand)
 k - a +2 ring of dexterity {unknown}
 s - a ring of flight (right hand)
Wands
 u - a wand of iceblast (14/15)
Scrolls
 f - a scroll of remove curse
 j - a scroll of recharging
 n - a scroll of teleportation
 w - a scroll of enchant weapon
Potions
 b - a potion of cure mutation
 d - 4 potions of curing
 v - a potion of heal wounds
 z - a potion of might {unknown}
Comestibles
 c - a bread ration
 o - a meat ration


   Skills:
 + Level 4.2 Fighting
 + Level 2.9 Axes
 * Level 4.5 Armour
 + Level 2.5 Dodging
 + Level 0.2 Stealth
 + Level 2.1 Shields
 + Level 2.9 Invocations


You had 6 spell levels left.
You didn't know any spells.

Dungeon Overview and Level Annotations

Branches:
Dungeon (4/15)
 Temple: D:4-7

Altars:
Dithmenos
Xom
The Shining One

Shops:
D:4 !


Innate Abilities, Weirdness & Mutations

You have a pair of large horns on your head.
You are partially covered in iridescent scales (AC +4).


Message History

The ogre barely misses you.
You hit the ogre. Your headbutt misses the ogre.
The ogre is lightly wounded.
You block the ogre's attack.
You hit the ogre. Your headbutt misses the ogre.
The ogre is moderately wounded.
You hit the ogre.
The ogre is heavily wounded.
The ogre hits you with a giant spiked club!
You slash the ogre!
The ogre is severely wounded.
The ogre hits you with a giant spiked club!
You hit the ogre but do no damage.
The ogre is severely wounded.
The ogre hits you with a giant spiked club!
* * * LOW HITPOINT WARNING * * *
You barely miss the ogre.
The ogre is severely wounded.
The ogre hits you with a giant spiked club!
You die...

... #.# ####.#.# .#.
#.#.######.####.#
.#.###.#.............#
.......#######.#######
.........O..O......#
##.###...####..###.#########
.....†...'.................#
##..##...####.##.#.#######.#
....##..........@#.## #.#
###.##....#....#O#).# #.#
#..........###.##.######.#
.......................#.#
...####......#.##.####.#.##
....# ####.#.#.......#....#
....# ##...........#.##.####
..##.# #.....#.#.........#
#..##.#.#......##.#


You could see an ogre.

Vanquished Creatures
  Edmund (D:3)
  The ghost of Yendor the Charmwright, an amateur HESk (D:3)
  A hound (D:4)
  An orc priest (D:3)
  A centaur skeleton (D:4)
  An orc wizard (D:4)
  Jessica (D:3)
  Terence (D:2)
  A worker ant (D:4)
  Robin (D:2)
  6 adders
  An ooze (D:3)
  An adder skeleton (D:4)
  A worm (D:2)
  2 dart slugs
  2 giant geckos (D:4)
  7 orcs
  3 bats (D:2)
  2 giant cockroaches
  15 goblins
  7 hobgoblins
  2 jackals (D:3)
  3 quokkas
  3 giant newts (D:2)
  7 kobolds
  7 rats
79 creatures vanquished.

Notes
Turn   | Place    | Note
--------------------------------------------------------------
     0 | Abyss:1  | Gargoyl the Demonspawn Abyssal Knight began the quest for the Orb.
     0 | Abyss:1  | Reached XP level 1. HP: 18/18 MP: 2/2
    53 | Abyss:1  | Found a corrupted altar of Lugonu.
    57 | Abyss:1  | Found a corrupted altar of Lugonu.
   148 | Abyss:1  | Noticed a worldbinder
   149 | D:1      | Escaped the Abyss
   491 | D:1      | Gained mutation: You have a pair of small horns on your head. [demonic ancestry]
   491 | D:1      | Reached XP level 2. HP: 15/24 MP: 4/4
   740 | D:2      | Reached * piety under Lugonu
   748 | D:2      | Found a shadowy altar of Dithmenos.
   839 | D:2      | Noticed Terence
   858 | D:2      | Killed Terence
   858 | D:2      | Reached skill level 1 in Dodging
   858 | D:2      | Reached XP level 3. HP: 17/29 MP: 5/5
   983 | D:2      | Found a shimmering altar of Xom.
   984 | D:2      | Found a shimmering altar of Xom.
   984 | D:2      | Found a shimmering altar of Xom.
   985 | D:2      | Found a shimmering altar of Xom.
   988 | D:2      | Found a shimmering altar of Xom.
  1280 | D:2      | Gained mutation: You have a pair of horns on your head. [demonic ancestry]
  1280 | D:2      | Reached XP level 4. HP: 36/36 MP: 6/6
  1297 | D:2      | Noticed Robin
  1312 | D:2      | Killed Robin
  1314 | D:2      | Reached ** piety under Lugonu
  1538 | D:2      | Found a glowing golden altar of the Shining One.
  1726 | D:3      | Reached skill level 1 in Shields
  1967 | D:3      | Noticed Yendor's ghost (amateur HESk)
  1998 | D:3      | Killed Yendor's ghost
  1998 | D:3      | Gained mutation: You have a pair of large horns on your head. [demonic ancestry]
  1998 | D:3      | Reached XP level 5. HP: 15/42 MP: 7/7
  2380 | D:3      | Noticed Jessica
  2388 | D:3      | Killed Jessica
  2618 | D:3      | Reached XP level 6. HP: 33/48 MP: 8/8
  2951 | D:4      | Found Imyhi's Distillery.
  2954 | D:4      | Bought a potion of heal wounds for 55 gold pieces
  2954 | D:4      | Bought a potion of curing for 33 gold pieces
  2954 | D:4      | Bought a potion of curing for 33 gold pieces
  2954 | D:4      | Bought a potion of curing for 33 gold pieces
  3271 | D:4      | Noticed Edmund
  3544 | D:3      | Killed Edmund
  3544 | D:3      | Gained mutation: You are partially covered in iridescent scales (AC +4). [demonic ancestry]
  3544 | D:3      | Reached XP level 7. HP: 42/54 MP: 9/9
  3695 | D:4      | Mangled by an ogre

Skill      XL: |  1  2  3  4  5  6 |
---------------+-------------------+-----
Axes           | 2 |  2.9
Armour         | 2 3 4 |  4.5
Dodging        | 1 2 |  2.5
Shields        | 1 2 |  2.1
Fighting       | 4 |  4.2
Stealth        | |  0.2
Invocations    | |  2.9

Action                   |  1- 3 |  4- 6 |  7- 9 || total
-------------------------+-------+-------+-------++-------
Melee: Hand axe          |   101 |   247 |     7 ||   355
       Headbutt          |    13 |    31 |       ||    44
Invok: Depart the Abyss  |     1 |       |       ||     1
  Use: Scroll            |       |     9 |       ||     9
       Potion            |       |     4 |       ||     4
  Eat: Chunk             |     1 |     3 |     1 ||     5
       Fruit             |       |     6 |       ||     6
Armor: Ring mail         |    15 |       |       ||    15
       Chain mail        |    45 |   167 |       ||   212
       Skin              |       |     9 |       ||     9
Dodge: Dodged            |    18 |    42 |     1 ||    61
Block: Shield            |    31 |   109 |     1 ||   141
